 Dungeon Crawl Stone Soup version 0.26-a0-259-g1effd001a9 (webtiles) character file.

Game seed: 3973897636791045509

4047 HoaS the Grappler (level 10, -3/66 HPs)
             Began as a Gargoyle Gladiator on July 12, 2020.
             Killed from afar by a fire dragon (9 damage)
             ... with a blast of flame
             ... on level 8 of the Dungeon.
             The game lasted 00:20:57 (6724 turns).

HoaS the Grappler (Gargoyle Gladiator)              Turns: 6724, Time: 00:20:57

Health: -3/66      AC: 18    Str: 21    XL:     10   Next: 24%
Magic:  10/10      EV:  6    Int:  9    God:
Gold:   471        SH:  0    Dex: 11    Spells: 9/9 levels left

rFire    + . .     SeeInvis .     - Unarmed
rCold    + + +     Faith    .   (no shield)
rNeg     + . .     Spirit   .   A - +0 plate armour
rPois    ∞         Reflect  .   b - +0 helmet
rElec    +         Harm     .   r - scarf {rC+ rF+}
rCorr    .                      (no gloves)
MR       .....                  (no boots)
Stlth    ..........             v - amulet of regeneration
HPRegen  0.61/turn              i - ring of protection from cold
MPRegen  0.12/turn              x - ring of protection from cold

@: no status effects
A: negative energy resistance 1, electricity resistance, unbreathing,
petrification resistance, rot immunity, AC +7
a: no special abilities


You were on level 8 of the Dungeon.
You were not hungry.

You visited 2 branches of the dungeon, and saw 9 of its levels.
You also visited: Sewer.

You collected 471 gold pieces.

Inventory:

Missiles
 c - 5 curare-tipped darts
 s - 22 poisoned darts
 z - a throwing net (quivered)
 B - 5 boomerangs
Armour
 b - a +0 helmet (worn)
 r - a scarf of resistance (worn)
 A - a +0 plate armour (worn)
Jewellery
 f - an uncursed ring of stealth {unknown}
 i - a ring of protection from cold (left hand)
 v - an amulet of regeneration (around neck)
 x - a ring of protection from cold (right hand)
 y - an uncursed ring of flight
Wands
 j - a wand of flame (14)
 k - a wand of random effects (33)
 u - a wand of iceblast (8)
Scrolls
 e - 2 scrolls of identify
 n - 4 scrolls of teleportation
 o - a scroll of enchant armour {unknown}
 t - 2 scrolls of remove curse
 D - a scroll of holy word {unknown}
Potions
 a - a potion of degeneration {unknown}
 g - 5 potions of ambrosia
 h - 12 potions of curing
 l - a potion of invisibility {unknown}
 m - 6 potions of flight
 p - a potion of resistance {unknown}
 q - 5 potions of heal wounds
 w - a potion of magic {unknown}
 C - 2 potions of haste {unknown}
Comestibles
 d - 24 rations


   Skills:
 + Level 9.4 Fighting
 - Level 1.7 Throwing
 - Level 2.4 Dodging
 * Level 12.0 Unarmed Combat


You had 9 spell levels left.
You didn't know any spells.
Your spell library contained the following spells:

 Spells                   Type           Power        Failure   Level
 Corona                   Hex            #......      100%        1
 Ensorcelled Hibernation  Hex/Ice        #.....       100%        2
 Confusing Touch          Hex            #.......     100%        3
 Dazzling Flash           Conj/Hex       #.....       100%        3
 Tukima's Dance           Hex            #.......     100%        3


Dungeon Overview and Level Annotations

Branches:
Dungeon (8/15)             Temple (1/1) D:4            Lair (0/6) D:8
  Sewer (visited)

Altars:
Ashenzari
Cheibriados
Dithmenos
Fedhas
Gozag
Hepliaklqana
Kikubaaqudgha
Nemelex Xobeh
Okawaru
Qazlal
Ru
Sif Muna
Trog
Uskayaw
Vehumet
Wu Jian
Xom
Zin
The Shining One

Shops:
D:8 !!

Portals:
Abyss: D:7

Annotations:
D:7 2 transporters, Esekla's ghost, novice FoNe


Innate Abilities, Weirdness & Mutations

You are resistant to torment.
Your stone body is resilient. (AC +7)
You are immune to poison.
You resist negative energy. (rN+)
You are resistant to electric shocks. (rElec)
You can survive without breathing.
You are immune to petrification.
You are immune to rotting.


Message History

You hit the fire dragon but do no damage.
The fire dragon is almost dead.
The bullfrog barely misses you. The fire dragon barely misses you.
The fire dragon claws you but does no damage.
The fire dragon tramples you.
* * * LOW HITPOINT WARNING * * *
You stumble backwards!
You hit the fire dragon.
The fire dragon is almost dead.
The fire dragon bites you.
* * * LOW HITPOINT WARNING * * *
The fire dragon closely misses you.
The fire dragon tramples you but does no damage.
The bullfrog hits you but does no damage.
You closely miss the fire dragon.
The fire dragon is almost dead.
The bullfrog hits you but does no damage.
The fire dragon breathes flames at you. The blast of flame hits you!
You resist.
You die...

######.###....##
...................
########...§≈≈≈...#
##.≈≈§≈≈≈..##
#.≈≈.≈≈≈≈.(#
#..≈≈>≈≈§..#
#.≈≈§..≈≈...
#..≈≈§≈.≈...
#..@D≈§≈...#
#...F)....##
###.#..#### #...##
#.### ... ###


You could see a fire dragon (catching breath) and a bullfrog.

Vanquished Creatures
  Sigmund (D:3)
  6 yaks (D:7)
  An orc warrior (D:7)
  A phantom (D:4)
  3 ice beasts
  7 ogres
  A centaur (D:5)
  3 big kobolds (Sewer)
  2 bullfrogs
  A wyvern skeleton (D:8)
  4 scorpions
  14 wights
  An electric eel (D:8)
  2 howler monkeys
  An orc priest (D:7)
  3 hounds
  2 jellies (D:7)
  3 worker ants
  2 hound zombies
  Robin (D:3)
  8 adders
  6 gnolls
  4 shadow imps
  A white imp (D:6)
  2 oozes
  An adder skeleton (D:4)
  5 dart slugs
  5 leopard geckos
  21 orcs
  10 giant cockroaches
  15 goblins
  9 hobgoblins
  4 jackals (D:5)
  15 kobolds
  4 quokkas
  6 ball pythons
  8 bats
  7 frilled lizards
  4 rats
194 creatures vanquished.

Notes
Turn   | Place    | Note
-------+----------+-------------------------------------------
     0 | D:1      | HoaS the Gargoyle Gladiator began the quest for the Orb.
     0 | D:1      | Reached XP level 1. HP: 12/12 MP: 1/1
   137 | D:1      | Reached XP level 2. HP: 18/18 MP: 2/2
   595 | D:1      | Reached XP level 3. HP: 22/22 MP: 3/3
   710 | D:2      | Reached skill level 4 in Unarmed Combat
   817 | D:2      | Found a snail-covered altar of Cheibriados.
   884 | D:2      | Found an iron altar of Okawaru.
  1085 | D:2      | Reached XP level 4. HP: 28/28 MP: 4/4
  1400 | D:3      | Noticed Robin
  1618 | D:3      | Killed Robin
  1718 | D:2      | Reached XP level 5. HP: 27/32 MP: 5/5
  1761 | D:3      | Reached skill level 5 in Unarmed Combat
  1921 | D:3      | Noticed Sigmund
  1950 | D:3      | Killed Sigmund
  1950 | D:3      | Reached skill level 6 in Unarmed Combat
  1950 | D:3      | Reached XP level 6. HP: 17/39 MP: 6/6
  2321 | D:3      | Found an opulent altar of Gozag.
  2438 | D:4      | Found a staircase to the Ecumenical Temple.
  2459 | Temple   | Entered the Ecumenical Temple
  2637 | D:4      | Reached XP level 7. HP: 36/44 MP: 7/7
  2659 | D:4      | Reached skill level 5 in Fighting
  3242 | D:4      | Reached skill level 7 in Unarmed Combat
  3312 | D:5      | Entered Level 5 of the Dungeon
  3465 | D:5      | Reached XP level 8. HP: 35/51 MP: 8/8
  3548 | D:5      | Found a hazy altar of Hepliaklqana.
  3554 | D:5      | Reached skill level 8 in Unarmed Combat
  3782 | D:5      | Found a blossoming altar of Fedhas.
  3875 | D:5      | Reached skill level 9 in Unarmed Combat
  4178 | D:6      | Found a glowing drain.
  4197 | Sewer    | Entered a sewer
  4525 | D:6      | Reached XP level 9. HP: 57/57 MP: 9/9
  4763 | D:6      | Reached skill level 10 in Unarmed Combat
  5328 | D:6      | Found a hide-covered altar of Uskayaw.
  5441 | D:7      | Found a shadowy altar of Dithmenos.
  5832 | D:7      | Reached skill level 11 in Unarmed Combat
  5854 | D:7      | Reached XP level 10. HP: 34/66 MP: 10/10
  5997 | D:7      | Found a one-way gate to the infinite horrors of the Abyss.
  5997 | D:7      | Noticed Esekla's ghost (novice FoNe)
  6006 | D:7      | Noticed a toenail golem
  6014 | D:7      | Identified the +3 rapier "Gecwiupu" {distort, Str+3 Int+7
                  | Dex+4}
  6017 | D:7      | Found a transporter.
  6022 | D:7      | Found a transporter.
  6489 | D:8      | Found Seckost's Distillery.
  6576 | D:8      | Found a shimmering blue altar of Sif Muna.
  6614 | D:8      | Reached skill level 12 in Unarmed Combat
  6657 | D:8      | Found Giha Gill's Distillery.
  6702 | D:8      | Found a staircase to the Lair.
  6703 | D:8      | Noticed a fire dragon
  6724 | D:8      | Killed from afar by a fire dragon

Illustrated notes

Levels and vault maps discovered:
D:1:      minmay_arrival_three_doors, layout_basic
D:2:      layout_loops_ring, overflow_temple_1_default, minivault_23,
          okawaru_ov_weapons_minmay
D:3:      layout_rooms, marbit_many_paths, uniq_sigmund, uniq_robin
D:4:      layout_loops_corners, minmay_temple_entry_statues
D:5:      layout_loops_cross, old_standard_altar, first_ration, fedhas_altar_2
D:6:      layout_basic, kennysheep_mini, gup_sewer_entry_pipe,
          minmay_misc_feat_plants
D:7:      layout_loops_ring, lemuel_round_altar, gammafunk_ghost_abyssal_escape,
          grunt_ogre_cave
D:8:      black_bear_nest_2, layout_loops_ring, yredelemnul_altar_generic,
          led_sif_book, minmay_lair_entry_lava, serial_shops, shop,
          kennysheep_little_box, kennysheep_cluttered_room
Temple:   nicolae_temple_x_marks_the_god

Skill      XL: |  1  2  3  4  5  6  7  8  9 10 |
---------------+-------------------------------+-----
Fighting       | 3 4 5 7 9 |  9.4
Unarmed Combat | 4 6 7 9 11 12 | 12.0
Throwing       | |  1.7
Dodging        | |  2.4

Action                   |  1- 3 |  4- 6 |  7- 9 | 10-12 || total
-------------------------+-------+-------+-------+-------++-------
Melee: Unarmed           |   124 |   190 |   491 |    98 ||   903
       Punch             |     1 |     3 |    19 |     5 ||    28
Throw: Throwing net      |       |     5 |     1 |       ||     6
Evoke: Wand              |       |       |       |     3 ||     3
  Use: Scroll            |     3 |     4 |    10 |       ||    17
 Stab: Held in net/web   |       |     2 |       |       ||     2
  Eat: Ration            |       |     2 |     3 |       ||     5
Armor: Chain mail        |    63 |   118 |   243 |     1 ||   425
       Plate armour      |       |       |       |    50 ||    50
Dodge: Dodged            |    44 |    66 |   167 |    19 ||   296

Table legend:
 A = Non-vault XP
 B = Vault XP
 C = Vault XP percentage of total XP
 D = Non-vault monster count
 E = Vault monster count
 F = Vault count percentage of total count
                 A         B        C        D         E       F
            +---------+---------+-------+---------+---------+-------
      Total |    5039 |     743 |  12.9 |     147 |      47 |  24.2
            +---------+---------+-------+---------+---------+-------
        D:1 |      34 |       0 |   0.0 |      14 |       0 |   0.0
        D:2 |      83 |      23 |  21.7 |      19 |      12 |  38.7
        D:3 |      95 |     249 |  72.4 |      11 |       3 |  21.4
        D:4 |     446 |       0 |   0.0 |      14 |       0 |   0.0
        D:5 |    1193 |       0 |   0.0 |      37 |       0 |   0.0
        D:6 |     598 |      16 |   2.6 |      11 |       7 |  38.9
        D:7 |    1750 |     127 |   6.8 |      27 |       1 |   3.6
        D:8 |     840 |       0 |   0.0 |      14 |       0 |   0.0
      Sewer |       0 |     328 | 100.0 |       0 |      24 | 100.0
            +---------+---------+-------+---------+---------+-------
